 Dungeon Crawl Stone Soup version 0.18.1-50-g88ac8fd (webtiles) character file.

4 ololoev the Digger (level 1, -1/10 HPs)
             Began as a Deep Elf Earth Elementalist on Dec 5, 2016.
             Slain by an adder (3 damage)
             ... on level 2 of the Dungeon.
             The game lasted 00:00:34 (63 turns).

ololoev the Digger (Deep Elf Earth Elementalist)      Turns: 63, Time: 00:00:35

Health: -1/10      AC:  2    Str:  7    XL:     1   Next: 58%
Magic:  1/6        EV: 13    Int: 19    God:
Gold:   11         SH:  0    Dex: 15    Spells: 1 memorised, 5 levels left

rFire  . . .     SeeInvis .     b - 12 stones
rCold  . . .     Gourm    .     a - +0 robe
rNeg   . . .     Faith    .     (no shield)
rPois  .         Spirit   .     (no helmet)
rElec  .         Dismiss  .     (no cloak)
rCorr  .         Reflect  .     (no gloves)
SustAt .         Harm     .     (no boots)
MR     .....                    (no amulet)
Stlth  ++........               (no ring)
                                e - +2 ring of strength

@: not resistant to hostile enchantments, unstealthy
A: no striking features
a: no special abilities

Inventory:

Missiles
 b - 12 stones (in hand)
Armour
 a - a +0 robe (worn)
Jewellery
 e - a +2 ring of strength (left hand)
Scrolls
 f - a scroll of immolation {unknown}
Books
 c - a book of Geomancy

   Spells                             Type                      Level
   a - Sandblast                      Earth                        1
   b - Passwall                       Transmutation/Earth          2
   c - Stone Arrow                    Conjuration/Earth            3
   d - Petrify                        Transmutation/Earth          4
   e - Lee's Rapid Deconstruction     Earth                        5
Comestibles
 d - a bread ration


   Skills:
 - Level 2.4 Dodging
 - Level 2.4 Stealth
 * Level 3.4 Spellcasting
   Level 1.1 Transmutations
 + Level 3.4 Earth Magic


You had 5 spell levels left.
You knew the following spells:

 Your Spells              Type           Power        Failure   Level  Hunger
a - Sandblast             Erth           ###...       4%          1    None


You were on level 2 of the Dungeon.
You were not hungry.

You visited 1 branch of the dungeon, and saw 2 of its levels.

You collected 11 gold pieces.

.#.####..# .
#.##....# .#
.....##'## ###.#
#.###.....###....#
###.......%.#
#............####.
...................
.#.#.......S.......
#.#......@#.......
# #.....#.#...(..%
#..r..#.........
#.....#..###.#..
#.#####..# .# # #.
.... . # ..#.# #
###..

Notes
Turn   | Place    | Note
--------------------------------------------------------------
     0 | D:1      | ololoev the Deep Elf Earth Elementalist began the quest for the Orb.
     0 | D:1      | Reached XP level 1. HP: 10/10 MP: 6/6
    63 | D:2      | Slain by an adder

Dungeon Overview and Level Annotations

Branches:
Dungeon (2/15)

Altars:


Message History

Casting: Sandblast
Confirm with . or Enter, or press ? or * to list all spells.
Aiming: Sandblast
Press: ? - help, Shift-Dir - straight line, f - kobold
Aim: a kobold, wielding a short sword The rocky blast hits the kobold.
You kill the kobold!
Things that are here:
a short sword; a kobold corpse
Found a stone staircase leading down.
There is a stone staircase leading down here.
You climb downwards.
Found a leather armour.
There is a stone staircase leading up here.
You see here a leather armour.
A worm comes into view.
Casting: Sandblast
Confirm with . or Enter, or press ? or * to list all spells.
Aiming: Sandblast
Press: ? - help, Shift-Dir - straight line, f - worm
Aim: a worm The rocky blast hits the worm.
The worm is moderately wounded.
Casting: Sandblast
Confirm with . or Enter, or press ? or * to list all spells.
Aiming: Sandblast
Press: ? - help, Shift-Dir - straight line, f/p - worm
Aim: a worm (moderately wounded)
The rocky blast hits the worm.
The worm is almost dead.
Casting: Sandblast
Confirm with . or Enter, or press ? or * to list all spells.
Aiming: Sandblast
Press: ? - help, Shift-Dir - straight line, f/p - worm
Aim: a worm (almost dead)
The rocky blast hits the worm.
You kill the worm!
Found 4 gold pieces.
You open the door.
Found a scroll labeled QIELAIRGHOU.
There is an open door here.
Found a bread ration.
Found 18 bolts.
A rat comes into view.
An adder comes into view.
You see here a scroll labeled QIELAIRGHOU.
f - a scroll labeled QIELAIRGHOU The adder moves out of view.
Found a bread ration.
Casting: Sandblast
Confirm with . or Enter, or press ? or * to list all spells.
Aiming: Sandblast
Press: ? - help, Shift-Dir - straight line, f - adder
Aim: an adder The rocky blast hits the adder.
The adder is heavily wounded.
Casting: Sandblast
Confirm with . or Enter, or press ? or * to list all spells.
Aiming: Sandblast
Press: ? - help, Shift-Dir - straight line, f/p - adder
Aim: an adder (heavily wounded)
The rocky blast misses the adder.
The adder bites you.
Casting: Sandblast
Confirm with . or Enter, or press ? or * to list all spells.
Aiming: Sandblast
Press: ? - help, Shift-Dir - straight line, f/p - adder
Aim: an adder (heavily wounded)
The rocky blast misses the adder.
The adder bites you.
Ouch! That really hurt!
Casting: Sandblast
Confirm with . or Enter, or press ? or * to list all spells.
Aiming: Sandblast
Press: ? - help, Shift-Dir - straight line, f/p - adder
Aim: an adder (heavily wounded)
The rocky blast misses the adder.
The adder misses you.
Casting: Sandblast
Confirm with . or Enter, or press ? or * to list all spells.
You don't have enough magic to cast that spell.
The adder bites you.
You die...

You could see an adder and a rat.

Vanquished Creatures
  A worm (D:2)
  A kobold (D:1)
2 creatures vanquished.

Action                   || total
-------------------------++-------
 Cast: Sandblast         ||     8
Dodge: Dodged            ||     1

Vault maps used:
D:1:      saegor_arrival_simple_b
D:2:      lemuel_round_altar, first_bread, hangedman_decor_growths
